 Dungeon Sprint DCSS version 0.20-a0-556-g892c87b (webtiles) character file.

6375 Kidiri the Eclecticist (level 10, -5/61 HPs)
             Began as a Deep Elf Fire Elementalist on Feb 4, 2017.
             Was the Champion of Vehumet.
             Slain by a demonic crawler (6 damage)
             ... in the Dungeon (Sprint I: "Red Sonja").
             The game lasted 00:09:40 (2302 turns).

Kidiri the Eclecticist (Deep Elf Fire Elementalist) Turns: 2302, Time: 00:09:41

Health: -5/61      AC:  9    Str:  5    XL:     10   Next: 65%
Magic:  32/33      EV: 18    Int: 24    God:    Vehumet [******]
Gold:   18         SH:  0    Dex: 17    Spells: 16/43 levels left

rFire    + . .     SeeInvis .   e - +0 dagger
rCold    . . .     Gourm    .   q - +2 leather armour {rF+}
rNeg     . . .     Faith    .   (no shield)
rPois    .         Spirit   .   s - +1 hat of Niwau {Dex+2}
rElec    .         Reflect  .   r - +1 cloak {+Inv}
rCorr    .         Harm     .   (no gloves)
MR       +....     NoTele   +   (no boots)
Stlth    ++........             (no amulet)
Regen    0.2/turn               (no ring)
                                (no ring)

@: very slightly contaminated
A: no striking features
a: Renounce Religion, Evoke Invisibility


You were in the Dungeon.
You worshipped Vehumet.
Vehumet was exalted by your worship.
You were not hungry.

You visited 1 branch You collected 1366 gold pieces.
You spent 1348 gold pieces at shops.

Inventory:

Hand Weapons
 e - a +0 dagger (weapon)
Armour
 l - the +1 robe of the Final Runes {*Corrode rC+ Slay+3 Stlth+}
   (You bought it in a shop in the Dungeon)

   It affects your accuracy and damage with ranged weapons and melee attacks
   (+3).
   It protects you from cold.
   It may corrode you when you take damage.
   It makes you more stealthy.
 m - a +0 cloak
 q - a +2 leather armour of fire resistance (worn)
 r - a +1 cloak of invisibility (worn)
 s - the +1 hat of Niwau (worn) {Dex+2}
   (You bought it in a shop in the Dungeon)

   It affects your dexterity (+2).
Jewellery
 p - the amulet of Poizxeun {Inacc MR++}
   (You bought it in a shop in the Dungeon)

   [amulet of inaccuracy]

   It reduces the accuracy of all your attacks.
   It affects your resistance to hostile enchantments.
Wands
 a - a wand of paralysis (19/24)
Scrolls
 g - a scroll of enchant armour {unknown}
 n - a scroll of fog
 o - a scroll of magic mapping {unknown}
Potions
 d - a potion of curing
 f - a potion of haste
 h - a potion of berserk rage
 k - a potion of flight {unknown}
Books
 b - a book of Flames

   Spells                             Type                      Level
   a - Flame Tongue                   Conjuration/Fire             1
   b - Throw Flame                    Conjuration/Fire             2
   c - Conjure Flame                  Conjuration/Fire             3
   d - Inner Flame                    Hexes/Fire                   3
   e - Sticky Flame                   Conjuration/Fire             4
   f - Fireball                       Conjuration/Fire             5
Comestibles
 c - a bread ration


   Skills:
 + Level 6.5 Fighting
 + Level 7.9 Short Blades
 + Level 6.5 Armour
 + Level 9.9 Dodging
 - Level 2.4 Stealth
 * Level 17.4 Spellcasting
 + Level 10.9 Conjurations
 + Level 11.4 Fire Magic
 + Level 3.2 Air Magic
 + Level 3.8 Poison Magic


You had 16 spell levels left.
You knew the following spells:

 Your Spells              Type           Power        Failure   Level  Hunger
a - Flame Tongue          Conj/Fire      #####        1%          1    None
b - Throw Flame           Conj/Fire      ######       1%          2    None
c - Conjure Flame         Conj/Fire      ######..     1%          3    None
d - Inner Flame           Hex/Fire       #####...     1%          3    None
e - Sticky Flame          Conj/Fire      ######..     1%          4    None
f - Fireball              Conj/Fire      ######....   1%          5    None
g - Mephitic Cloud        Conj/Pois/Air  #####...     1%          3    None
h - Dazzling Spray        Conj/Hex       #####.       1%          3    None
i - Static Discharge      Conj/Air       ######..     1%          3    None


Dungeon Overview and Level Annotations

Branches:
Dungeon (1/1)

Altars:
Cheibriados
Dithmenos
Elyvilon
Fedhas
Gozag
Hepliaklqana
Kikubaaqudgha
Makhleb
Nemelex Xobeh
Okawaru
Qazlal
Ru
Sif Muna
Trog
Uskayaw
Vehumet
Xom
Yredelemnul
Zin
The Shining One
Jiyva
Lugonu

Shops:
D %****}:}[=*[**%[[


Message History

The demonic crawler misses you.
The demonic crawler completely misses you. x2
The demonic crawler is engulfed in roaring flames.
The demonic crawler closely misses you. The demonic crawler hits you!
* * * LOW HITPOINT WARNING * * *
The demonic crawler hits you.
* * * LOW HITPOINT WARNING * * *
The demonic crawler barely misses you. The demonic crawler closely misses you.
The demonic crawler hits you!
* * * LOW HITPOINT WARNING * * *
Unknown command.
You feel better.
The demonic crawler burns!
The demonic crawler is engulfed in roaring flames.
The demonic crawler hits you.
* * * LOW HITPOINT WARNING * * *
The demonic crawler hits you but does no damage. x2
The demonic crawler misses you. The demonic crawler hits you.
* * * LOW HITPOINT WARNING * * *
The demonic crawler hits you.
You die...

##########################
#<.#..'..#..'.s#s_#..'.).#
#..'.)#..'.)#.@ss.'..#)..#
#..#####+#####+#__####.s.'..#
#..####..#...#.####§)#####..+
#..#__####..##.#§§≈§§#..# +##
#..#_____##+#..+≈§§§§+..#
#⌠⌠#_.∩...+..._#§≈§§§#..#
####_..__##_(#+##+#####+###
#_____###+#(#((.)###.+§#
############.####+###[###§#


You could see 4 demonic crawlers.

Vanquished Creatures
  2 centaur warriors (D)
  Sonja (D)
  2 unseen horrors (D)
  A deep troll (D)
  An oklob plant (D)
  2 kobold demonologists (D)
  A hornet (D)
  A slime creature (D)
  Sigmund (D)
  2 redbacks (D)
  A yak (D)
  2 floating eyes (D)
  An ogre (D)
  7 necrophages (D)
  Ijyb (D)
  8 jellies (D)
  2 ballistomycetes (D)
  A ballistomycete spore (D)
37 creatures vanquished.

Vanquished Creatures (others)
  A gargoyle (D)
  A ballistomycete spore (D)
2 creatures vanquished.

Grand Total: 39 creatures vanquished

Notes
Turn   | Place    | Note
-------+----------+-------------------------------------------
     0 | D        | Kidiri the Deep Elf Fire Elementalist began the quest for the Orb.
     0 | D        | Reached XP level 1. HP: 10/10 MP: 6/6
     2 | D        | Noticed Ijyb
    19 | D        | Killed Ijyb
    19 | D        | Reached skill level 6 in Spellcasting
    19 | D        | Reached XP level 2. HP: 15/15 MP: 6/11
    72 | D        | Learned a level 2 spell: Throw Flame
    74 | D        | Noticed an ogre
    80 | D        | Killed an ogre
    80 | D        | Reached skill level 9 in Spellcasting
    80 | D        | Reached skill level 5 in Conjurations
    80 | D        | Reached skill level 5 in Fire Magic
    80 | D        | Reached XP level 3. HP: 9/19 MP: 8/15
    80 | D        | Reached XP level 4. HP: 12/24 MP: 9/17
    86 | D        | Learned a level 3 spell: Conjure Flame
    90 | D        | Learned a level 3 spell: Inner Flame
    95 | D        | Learned a level 4 spell: Sticky Flame
   225 | D        | Noticed Sigmund
   231 | D        | Killed Sigmund
   231 | D        | Reached skill level 11 in Spellcasting
   231 | D        | Reached XP level 5. HP: 20/28 MP: 13/21
   231 | D        | Reached XP level 6. HP: 23/32 MP: 13/22
   238 | D        | Learned a level 5 spell: Fireball
   317 | D        | Found a burning altar of Makhleb.
   317 | D        | Found a viscous altar of Jiyva.
   317 | D        | Found a shimmering altar of Xom.
   317 | D        | Found a corrupted altar of Lugonu.
   317 | D        | Noticed a slime creature
   322 | D        | Killed a slime creature
   322 | D        | Reached skill level 1 in Fighting
   322 | D        | Reached skill level 1 in Armour
   322 | D        | Reached skill level 12 in Spellcasting
   547 | D        | Found a deep blue altar of Sif Muna.
   549 | D        | Found a radiant altar of Vehumet.
   557 | D        | Became a worshipper of Vehumet
   594 | D        | Found Voin's General Store.
   594 | D        | Found an ancient bone altar of Kikubaaqudgha.
   594 | D        | Found a hazy altar of Hepliaklqana.
   594 | D        | Found a stormy altar of Qazlal.
   594 | D        | Found a hide-covered altar of Uskayaw.
   594 | D        | Found a blossoming altar of Fedhas.
   594 | D        | Found a bloodstained altar of Trog.
   594 | D        | Found an iron altar of Okawaru.
   594 | D        | Found a basalt altar of Yredelemnul.
   594 | D        | Found a glowing golden altar of the Shining One.
   594 | D        | Found a snail-covered altar of Cheibriados.
   594 | D        | Found a sacrificial altar of Ru.
   594 | D        | Found a glowing silver altar of Zin.
   594 | D        | Found a shadowy altar of Dithmenos.
   594 | D        | Found a white marble altar of Elyvilon.
   594 | D        | Noticed a yak
   595 | D        | Found an opulent altar of Gozag.
   603 | D        | Killed a yak
   603 | D        | Reached skill level 13 in Spellcasting
   603 | D        | Reached XP level 7. HP: 36/40 MP: 20/25
   607 | D        | Found a sparkling altar of Nemelex Xobeh.
   611 | D        | Bought a potion of magic for 88 gold pieces
   611 | D        | Bought a scroll of identify for 22 gold pieces
   629 | D        | Noticed Sonja
   631 | D        | Killed Sonja
   631 | D        | Reached skill level 14 in Spellcasting
   631 | D        | Reached XP level 8. HP: 42/48 MP: 16/28
   756 | D        | Found Onirroer's Food Boutique.
   777 | D        | Noticed a deep troll
   791 | D        | Killed a deep troll
   791 | D        | Reached * piety under Vehumet
   791 | D        | Offered knowledge of Magic Dart by Vehumet.
   791 | D        | Reached skill level 5 in Short Blades
   860 | D        | Found Coanufro's Armour Emporium.
   864 | D        | Bought the +1 robe of the Final Runes {*Corrode rC+ Slay+3 Stlth+} for 413 gold pieces
   864 | D        | Bought a +0 cloak for 63 gold pieces
  1079 | D        | Noticed a centaur warrior
  1079 | D        | Noticed a centaur warrior
  1080 | D        | Killed a centaur warrior
  1080 | D        | Reached skill level 15 in Spellcasting
  1080 | D        | Reached skill level 10 in Fire Magic
  1080 | D        | Reached XP level 9. HP: 35/53 MP: 13/30
  1080 | D        | Killed a centaur warrior
  1080 | D        | Reached skill level 5 in Fighting
  1080 | D        | Reached skill level 5 in Armour
  1101 | D        | Killed a gargoyle
  1181 | D        | Reached ** piety under Vehumet
  1181 | D        | Offered knowledge of Searing Ray by Vehumet.
  1181 | D        | Reached skill level 16 in Spellcasting
  1181 | D        | Reached skill level 10 in Conjurations
  1289 | D        | Noticed an oklob plant
  1302 | D        | Killed an oklob plant
  1559 | D        | Offered knowledge of Mephitic Cloud by Vehumet.
  1564 | D        | Learned a level 3 spell: Mephitic Cloud
  1632 | D        | Noticed an unseen horror
  1637 | D        | Killed an unseen horror
  1637 | D        | Reached *** piety under Vehumet
  1637 | D        | Reached skill level 1 in Air Magic
  1637 | D        | Reached skill level 1 in Poison Magic
  1637 | D        | Reached XP level 10. HP: 44/60 MP: 26/32
  1721 | D        | Noticed an unseen horror
  1722 | D        | Killed an unseen horror
  1722 | D        | Offered knowledge of Dazzling Spray by Vehumet.
  1777 | D        | Reached **** piety under Vehumet
  1777 | D        | Reached skill level 17 in Spellcasting
  1782 | D        | Reached ***** piety under Vehumet
  1965 | D        | Found Hywat's Assorted Antiques.
  1965 | D        | Found Ker Ehow's Assorted Antiques.
  1965 | D        | Found Ciutom's Assorted Antiques.
  1967 | D        | Found Koleamaco's Gadget Emporium.
  1967 | D        | Found Ucyqyvad's Book Shop.
  1967 | D        | Found Jumn's Gadget Shoppe.
  1967 | D        | Found Qotyreolos's Armour Boutique.
  1967 | D        | Found Largheif's Jewellery Emporium.
  1967 | D        | Found Kaumyla's Assorted Antiques.
  1967 | D        | Found Gynnezirr's Armour Shoppe.
  1971 | D        | Found Degeolie's General Store.
  1972 | D        | Found Jotoxus's Food Emporium.
  1972 | D        | Found Tajagg's Assorted Antiques.
  1973 | D        | Found Kuss's Armour Emporium.
  1977 | D        | Bought a twitching ruby amulet for 130 gold pieces
  1977 | D        | Identified the amulet of Poizxeun {Inacc MR++} (You bought it in a shop in the Dungeon)
  1980 | D        | Bought a +2 leather armour of fire resistance for 209 gold pieces
  1980 | D        | Bought a +1 cloak of invisibility for 181 gold pieces
  2004 | D        | Bought the +1 hat of Niwau {Dex+2} for 242 gold pieces
  2077 | D        | Learned a level 3 spell: Dazzling Spray
  2201 | D        | Offered knowledge of Static Discharge by Vehumet.
  2206 | D        | Noticed a sixfirhy
  2207 | D        | Reached ****** piety under Vehumet
  2283 | D        | Learned a level 3 spell: Static Discharge
  2302 | D        | HP: 1/61 [demonic crawler (3)]
  2302 | D        | Slain by a demonic crawler

Vault maps used:
D:        dungeon_sprint_1

Skill      XL: |  1  2  3  4  5  6  7  8  9 10 |
---------------+-------------------------------+-----
Spellcasting   | 6 9 11 13 14 15 16 17 | 17.4
Conjurations   | 3 5 6 7 8 9 10 | 10.9
Fire Magic     | 4 5 7 8 9 10 11 | 11.4
Fighting       | 2 3 4 6 |  6.5
Short Blades   | 3 4 5 7 |  7.9
Armour         | 2 3 4 5 6 |  6.5
Dodging        | 4 6 7 9 |  9.9
Air Magic      | 1 3 |  3.2
Poison Magic   | 1 3 |  3.8
Stealth        | |  2.4

Action                   |  1- 3 |  4- 6 |  7- 9 | 10-12 || total
-------------------------+-------+-------+-------+-------++-------
Melee: Dagger            |       |     7 |    10 |     1 ||    18
 Cast: Flame Tongue      |    13 |     4 |    22 |    23 ||    62
       Sticky Flame      |       |     3 |     9 |    10 ||    22
       Conjure Flame     |       |     2 |     3 |     2 ||     7
       Fireball          |       |       |     8 |     2 ||    10
       Throw Flame       |       |       |     1 |     4 ||     5
       Dazzling Spray    |       |       |       |     4 ||     4
       Inner Flame       |       |       |       |     1 ||     1
  Use: Potion            |     3 |       |       |     3 ||     6
       Scroll            |       |       |     1 |     1 ||     2
 Stab: Sleeping          |       |     2 |       |     1 ||     3
  Eat: Royal jelly       |       |       |     1 |       ||     1
       Bread ration      |       |       |       |     1 ||     1
Armor: Robe              |     1 |       |     1 |       ||     2
       Leather armour    |       |       |       |    10 ||    10
Dodge: Dodged            |     7 |     3 |    11 |    40 ||    61
